 Dungeon Crawl Stone Soup version 0.29.0-13-gc9e81de378 (webtiles) character file.

Game seed: 12397180298422314910

2853 raistware the Destroyer (level 9, -5/51 HPs)
             Began as an Octopode Conjurer on Sept 9, 2022.
             Was a Follower of Vehumet.
             Killed from afar by a centaur (14 damage)
             ... with a puff of flame
             ... on level 9 of the Dungeon.
             The game lasted 00:17:29 (9135 turns).

raistware the Destroyer (Octopode Conjurer)         Turns: 9135, Time: 00:17:30

Health: -5/51      AC:  1    Str:  6    XL:     9   Next: 75%
Magic:  17/21      EV: 13    Int: 37    God:    Vehumet [*.....]
Gold:   427        SH:  5    Dex: 10    Spells: 11/25 levels left

rFire   . . .      SeeInvis .   s - +4 quarterstaff (chaos)
rCold   . . .      Faith    .   (shield currently unavailable)
rNeg    . . .      Spirit   .   (helmet restricted)
rPois   +          Reflect  +   p - amulet "Olua" {Reflect Int+6 SH+5}
rElec   .          Harm     .   j - ring of poison resistance
rCorr   .          Rampage  .   k - ring of willpower
Will    +....                   o - +6 ring of intelligence
Stlth   +++.......              C - ring of wizardry
HPRegen 0.17/turn               (no ring)
MPRegen 0.17/turn               (no ring)
                                (no ring)
                                (no ring)

@: no status effects
A: almost no armour, amphibious, 8 rings, camouflage 1, gelatinous body 1,
(nimble swimmer 1), tentacles
a: Renounce Religion


You were on level 9 of the Dungeon.
You worshipped Vehumet.
Vehumet was aware of your devotion.
You visited 2 branches of the dungeon, and saw 10 of its levels.
You also visited: Ossuary.

You collected 427 gold pieces.

Inventory:

Hand Weapons
 s - a +4 quarterstaff of chaos (weapon)
 G - the +8 flail "Ose Aduj" {vorpal, Fragile Str+5 Dex+2}
   (You found it in an ossuary)

   It inflicts extra damage upon your enemies.
   Str:       It affects your strength (+5).
   Dex:       It affects your dexterity (+2).
   Fragile:   It will be destroyed if unequipped.
Missiles
 q - 2 throwing nets
 v - 5 poisoned darts
 I - a curare-tipped dart
Jewellery
 j - a ring of poison resistance (left tentacle)
 k - a ring of willpower (right tentacle)
 o - a +6 ring of intelligence (on tentacle)
 p - the amulet "Olua" (around mantle) {Reflect Int+6 SH+5}
   (You found it on level 2 of the Dungeon)

   [amulet of reflection]

   It reflects blocked missile attacks.
   Int:       It affects your intelligence (+6).
   SH:        It affects your SH (+5).
 C - a ring of wizardry (on tentacle)
Wands
 c - a wand of flame (26)
 m - a wand of roots (6)
 x - a wand of acid (3)
Scrolls
 d - 2 scrolls of enchant weapon
 f - 5 scrolls of magic mapping
 i - 3 scrolls of poison
 l - 6 scrolls of teleportation
 n - 2 scrolls of fear {unknown}
 w - a scroll of vulnerability {unknown}
 y - a scroll of amnesia {unknown}
 z - 2 scrolls of immolation {unknown}
 B - a scroll of fog {unknown}
 E - 2 scrolls of identify
Potions
 a - a potion of magic
 b - a potion of lignification
 e - 3 potions of cancellation {unknown}
 g - 3 potions of mutation
 h - 2 potions of haste {unknown}
 r - 2 potions of attraction
 t - 4 potions of flight {unknown}
 u - a potion of heal wounds {unknown}
 A - 4 potions of invisibility {unknown}
 D - 5 potions of curing {unknown}
 F - a potion of brilliance {unknown}
 H - a potion of ambrosia


   Skills:
 - Level 2.0 Dodging
 - Level 3.0 Stealth
 + Level 8.6 Spellcasting
 + Level 9.4 Conjurations
 - Level 2.0 Hexes
 - Level 2.0 Translocations
 + Level 2.3 Fire Magic


You had 11 spell levels left.
You knew the following spells:

 Your Spells              Type           Power      Damage    Failure   Level
a - Magic Dart            Conj           100%       1d8       1%          1
b - Iskenderun's Mystic   Conj/Tloc      55%        2d12      1%          4
c - Fulminant Prism       Conj/Hex       27%        3d14      1%          4
d - Sticky Flame          Conj/Fire      56%        2d7       1%          4
z - Apportation           Tloc           60%        N/A       1%          1

Your spell library contained the following spells:

 Spells                   Type           Power      Damage    Failure   Level
 Freeze                   Ice            60%        1d8       1%          1
 Searing Ray              Conj           100%       2d8       1%          2
 Conjure Flame            Conj/Fire      56%        6-21      1%          3
 Dazzling Flash           Conj/Hex       100%       N/A       1%          3
 Hailstorm                Conj/Ice       50%        3d11      1%          4
 Ignite Poison            Fire/Tmut/Pois 21%        N/A       2%          3
 Ice Form                 Ice/Tmut       15%        N/A       11%         4
 Alistair's Intoxication  Tmut/Pois      10%        N/A       26%         5
 Simulacrum               Ice/Necr       7%         N/A       80%         6


Dungeon Overview and Level Annotations

Branches:
Dungeon (9/15)             Temple (1/1) D:5         Ossuary (visited)
   Lair: D:8-11         Orc: D:9-12

Altars:
Ashenzari
Cheibriados
Dithmenos
Elyvilon
Uskayaw
Vehumet

Annotations:
D:3 1 runed translucent door, sanka's ghost, weakling DgDe
D:6 2 transporters
D:8 Gastronok


Innate Abilities, Weirdness & Mutations

You cannot wear most types of armour.
You are amphibious.
You can wear up to eight rings at the same time.
Your skin changes colour to match your surroundings (Stealth+).
Your rubbery body absorbs attacks. (AC +1, EV +1)
((You are camouflaged when in or above water. (Stealth+)))
You have tentacles for arms and can constrict up to eight enemies at once.


Message History

The centaur shouts!
The centaur wields a +0 shortbow.
The centaur shoots an arrow.
The arrow hits you!
You start resting.
The centaur shoots an arrow.
The arrow hits you!
The centaur unwields a +0 shortbow.
The centaur closely misses you. x2
You barely miss the centaur. The centaur hits you. The centaur kicks you.
The centaur hits you. The centaur kicks you.
You sock the centaur! Your squeeze misses the centaur.
The centaur is moderately wounded.
You block the centaur's attack. The centaur completely misses you.
The centaur closely misses you. The centaur kicks you.
You thump the centaur! You freeze the centaur. Your squeeze misses the centaur.
The centaur is severely wounded.
The centaur hits you. The centaur kicks you. The centaur hits you.
* * * LOW HITPOINT WARNING * * *
The centaur misses you.
You hit the centaur. You freeze the centaur.
The centaur is almost dead.
The centaur hits you.
* * * LOW HITPOINT WARNING * * *
The centaur misses you. You block the centaur's attack.
The centaur closely misses you.
Casting: Magic Dart (safe; 1% risk of failure)
Confirm with . or Enter, or press ? or * to list all spells.
You erupt in a blast of force!
The mystic blast hits the centaur!
You kill the centaur!
Vehumet accepts your kill.
Unknown command.
You start resting.
A centaur is nearby!
You closely miss the centaur.
The centaur shouts!
You squeeze the centaur.
The centaur is lightly wounded.
The centaur hits you with a +0 hand axe.
* * * LOW HITPOINT WARNING * * *
The centaur completely misses you.
The centaur zaps a wand.
The puff of flame hits you!
You die...

#......####
#.........###
#......##....
#.....)######
##......##
##(......<##
####..........#
#.c......)#.#...)
#@#.......#.##.#.#
##.#.......#.# ..<.
####..##.)...##..
....
###....###.........
###
#.....###....y..##
#.....# #.......#
#.....# #.......#
#.....##........#
##.........


You could see a centaur.

Vanquished Creatures
  A basilisk (D:6)
  A steam dragon (D:6)
  3 water moccasins
  An orc warrior (D:6)
  An ice beast (D:6)
  A sky beast (D:6)
  3 ogres
  3 centaurs
  A kobold brigand (D:7)
  A phantom (D:5)
  3 bullfrogs
  2 necrophages
  4 scorpions
  3 water moccasin zombies (Ossuary)
  A howler monkey (D:6)
  A jelly (D:5)
  An orc priest (D:9)
  Crazy Yiuf (D:3)
  4 hounds
  An orc wizard (D:6)
  4 iguanas
  2 mummies (Ossuary)
  A gnoll (D:4)
  9 adders
  3 white imps
  6 adder zombies (Ossuary)
  2 worms
  2 dart slugs
  11 orcs
  15 ball pythons
  3 bats
  6 endoplasms
  4 giant cockroaches
  6 gnoll zombies (Ossuary)
  8 goblins
  7 hobgoblins
  2 quokkas
  A frilled lizard (D:3)
  6 hobgoblin zombies (Ossuary)
  7 kobolds
  2 kobold zombies (Ossuary)
  4 orc zombies (Ossuary)
  4 rats
152 creatures vanquished.

Vanquished Creatures (others)
  A fulminant prism (D:4)
  5 fungi (D:9)
6 creatures vanquished.

Grand Total: 158 creatures vanquished

Notes
Turn   | Place    | Note
-------+----------+-------------------------------------------
     0 | D:1      | raistware the Octopode Conjurer began the quest for the
                  | Orb.
     0 | D:1      | Reached XP level 1. HP: 11/11 MP: 3/3
   282 | D:1      | Reached XP level 2. HP: 17/17 MP: 3/5
   447 | D:1      | Found a faded altar of an unknown god.
   680 | D:1      | Reached XP level 3. HP: 21/21 MP: 4/7
  1900 | D:2      | Identified the amulet "Olua" {Reflect Int+6 SH+5}
  2142 | D:3      | Found a broken altar of Ashenzari.
  2215 | D:3      | Reached XP level 4. HP: 27/27 MP: 7/9
  2220 | D:3      | Learned a level 4 spell: Iskenderun's Mystic Blast
  2225 | D:3      | Learned a level 4 spell: Fulminant Prism
  2295 | D:3      | Found a runed translucent door.
  2295 | D:3      | Noticed sanka's ghost (weakling DgDe)
  2411 | D:3      | Noticed a +0 short sword
  2411 | D:3      | Noticed a +0 dagger
  2411 | D:3      | Noticed a +0 spear
  2411 | D:3      | Noticed a +0 falchion
  2411 | D:3      | Noticed a +0 short sword
  2412 | D:3      | Noticed a +0 falchion
  2412 | D:3      | Noticed a +0 spear
  2412 | D:3      | Noticed a +0 dagger
  2415 | D:3      | Identified the amulet of Jiosiut {Spirit *Slow Fly Stlth+}
  2419 | D:3      | Found a hide-covered altar of Uskayaw.
  2635 | D:3      | Found a runed translucent door.
  2637 | D:3      | Noticed Crazy Yiuf
  2656 | D:3      | Killed Crazy Yiuf
  2960 | D:3      | Learned a level 1 spell: Apportation
  3126 | D:4      | Reached skill level 1 in Translocations
  3126 | D:4      | Reached XP level 5. HP: 31/31 MP: 7/11
  3215 | D:4      | Reached skill level 1 in Hexes
  3523 | D:4      | Reached XP level 6. HP: 36/36 MP: 6/12
  4019 | D:5      | Entered Level 5 of the Dungeon
  4024 | D:5      | Reached skill level 5 in Conjurations
  4209 | D:5      | Reached XP level 7. HP: 41/41 MP: 6/14
  4301 | D:5      | Found a staircase to the Ecumenical Temple.
  4310 | D:5      | Reached skill level 5 in Spellcasting
  4326 | Temple   | Entered the Ecumenical Temple
  4395 | Temple   | Became a worshipper of Vehumet
  4564 | D:5      | Reached skill level 6 in Conjurations
  5304 | D:5      | Reached XP level 8. HP: 46/46 MP: 9/17
  5499 | D:6      | You fall into a shaft and drop 1 floor!
  5801 | D:7      | Reached skill level 7 in Conjurations
  5871 | D:7      | Found a sand-covered staircase.
  5882 | Ossuary  | Entered an ossuary
  6173 | Ossuary  | Reached * piety under Vehumet
  6173 | Ossuary  | Offered knowledge of Freeze by Vehumet.
  6189 | Ossuary  | Learned a level 4 spell: Sticky Flame
  6461 | Ossuary  | Identified the +8 flail "Ose Aduj" {vorpal, Fragile Str+5
                  | Dex+2}
  6668 | D:6      | Reached skill level 8 in Conjurations
  6675 | D:6      | HP: 2/46 [steam dragon/ball of steam (15)]
  6680 | D:6      | Reached XP level 9. HP: 3/51 MP: 0/20
  7237 | D:6      | Found a shadowy altar of Dithmenos.
  7672 | D:6      | Reached skill level 9 in Conjurations
  7763 | D:6      | Reached skill level 1 in Fire Magic
  7975 | D:6      | Found a transporter.
  8023 | D:6      | Found a transporter.
  8272 | D:7      | Found a white marble altar of Elyvilon.
  8626 | D:8      | Noticed Gastronok
  9135 | D:9      | Killed from afar by a centaur

Illustrated notes

Levels and vault maps discovered:
D:1:      wander_arrival_fairy_ring, layout_loops_ring, basic_ecumenical_altar
D:2:      layout_basic, st_stairs_6, corner_web_ring
D:3:      layout_rooms, nicolae_uskayaw_en_pointe, mainiacjoe_overflow_24_doors,
          hellmonk_ghost_happy_afterlife, uniq_crazy_yiuf_cottage
D:4:      minmay_bubble_buster, layout_rooms
D:5:      layout_rooms, minmay_temple_entry_trees, chequers_serial_rivers_room_a
D:6:      gammafunk_steamed_eel, layout_loops_ring,
          nicolae_dithmenos_through_a_glass_darkly, serial_co_window_serial,
          co_window_paths_a, co_window_cross_1, co_window_corner_a,
          co_window_corner_a, co_window_of_opportunity_a, co_window_paths_a,
          co_window_paths_a, co_window_corner_a, co_window_corner_a,
          co_window_of_opportunity_c, co_window_unsneaky_path_c,
          co_window_2corner, glass_columns_a, glass_columns_b, glass_columns_a
D:7:      layout_loops_ring, elyvilon_altar_3, enter_ossuary_1
D:8:      layout_basic, mainiacjoe_overflow_catwalk,
          nicolae_ru_great_annihilating_truth, dpeg_lair_monsters,
          item_on_display_a, uniq_gastronok, uniq_pikel, uniq_grum
D:9:      layout_rooms, mainiacjoe_overflow_chevrons, dk_yredelemnul_ordeal,
          doesnt_xom_only_xom
Temple:   hellmonk_temple_flake

Skill      XL: |  1  2  3  4  5  6  7  8  9 |
---------------+----------------------------+-----
Spellcasting   | 3 4 6 7 8 |  8.6
Translocations | 1 2 |  2.0
Hexes          | 1 2 |  2.0
Stealth        | 3 |  3.0
Conjurations   | 5 6 8 9 |  9.4
Fire Magic     | 2 |  2.3
Dodging        | |  2.0

Action                   |  1- 3 |  4- 6 |  7- 9 || total
-------------------------+-------+-------+-------++-------
Melee: Unarmed           |     5 |       |       ||     5
       Tentacles         |     3 |     3 |    29 ||    35
       Constrict         |     3 |     3 |    24 ||    30
       Quarterstaff      |       |     9 |   108 ||   117
 Cast: Magic Dart        |    65 |    92 |   133 ||   290
       Iskenderun's Myst |       |     3 |    15 ||    18
       Fulminant Prism   |       |     1 |       ||     1
       Sticky Flame      |       |       |     4 ||     4
       Apportation       |       |       |     2 ||     2
Evoke: Wand              |       |       |    10 ||    10
  Use: Scroll            |       |     8 |     2 ||    10
       Potion            |       |     2 |       ||     2
 Stab: Sleeping          |       |       |     8 ||     8
Armor: Skin              |     1 |     2 |     4 ||     7
Dodge: Dodged            |     3 |     7 |    74 ||    84
Block: Other             |       |     2 |    25 ||    27
       Reflection        |       |       |     2 ||     2
